Map: Mothership LE

Players

Lambo - Winner!

  • Race: Zerg Zerg
  • League: Grandmaster
  • Spawn Location: 1:00

Kelazhur

  • Race: Terran Terran
  • League: Master
  • Spawn Location: 6:00

VOD

Have the link to the VOD?

Description

Time

  • Played on: Jan. 30, 2026, 9:21 a.m.
  • Length: 17:45
Show
View Real Time Build Order
Export as new Build Order

Lambo Zerg - Winner!

Build Orders: Hatch First 

Get SALT Encoding   

  12  0:00  Drone  
  13  0:07  Drone  
  14  0:14  Extractor, Drone  
  15  0:21  Overlord  
  15  0:40  Drone  
  16  0:45  Hatchery  
  16  0:49  Drone  
  16  0:53  Drone  
  17  0:58  Drone  
  18  1:08  Extractor  
  17  1:12  Spawning Pool  
  17  1:15  Drone  
  17  1:18  Drone  
  18  1:26  Drone  
  19  1:37  Drone  
  20  1:47  Drone  
  21  1:59  Queen x2  
  21  2:01  Drone  
  26  2:03  Overlord  
  26  2:08  Drone  
  26  2:09  Drone  
  28  2:23  Drone x2, Roach Warren  
  29  2:32  Drone  
  30  2:39  Hatchery  
  29  2:44  Overlord  
  29  3:04  Roach x3  
  29  3:05  Roach x2  
  39  3:07  Roach  
  39  3:10  Roach  
  43  3:13  Extractor  
  43  3:15  Roach  
  43  3:18  Overlord  
  45  3:33  Overlord  
  45  3:36  Drone x4  
  45  3:38  Drone  
  45  3:40  Drone x2  
  52  3:47  Overlord  
  52  3:51  Drone x2  
  52  3:53  Drone  
  55  3:56  Drone  
  55  4:02  Drone x2  
  58  4:06  Drone  
  59  4:12  Ravager  
  59  4:14  Drone x4  
  59  4:16  Ravager  
  63  4:22  Drone  
  58  4:29  Roach x3  
  62  4:35  Roach  
  62  4:38  Roach  
  61  4:41  Extractor, Drone  
  61  4:42  Extractor  
  61  4:43  Queen  
  62  4:47  Drone x2  
  62  4:48  Queen  
  62  4:51  Roach  
  68  4:59  Roach  
  70  5:00  Queen  
  70  5:01  Overlord x2  
  72  5:07  Drone x2  
  72  5:10  Overlord  
  74  5:14  Overlord  
  74  5:19  Roach  
  74  5:20  Roach x2  
  80  5:21  Roach  
  80  5:22  Roach x2  
  80  5:28  Roach x2  
  90  5:30  Drone x3  
  93  5:40  Ravager  
  93  5:41  Drone x2  
  93  5:42  Drone x3  
  97  5:45  Drone  
  97  5:47  Drone  
  97  5:48  Drone  
  96  5:55  Lair  
  97  5:57  Drone  
  97  5:58  Drone  
  97  5:59  Extractor  
  97  6:03  Drone  
  97  6:04  Overlord x2  
  98  6:05  Overlord  
  98  6:07  Overlord  
  98  6:08  Evolution Chamber x2, Overlord  
  98  6:09  Overlord  
  98  6:10  Drone x2  
  98  6:14  Extractor  
  98  6:15  Drone, Extractor  
  98  6:17  Drone  
  98  6:23  Overlord  
  98  6:24  Drone x4  
  102  6:31  Drone x3  
  105  6:35  Roach x4  
  105  6:39  Drone x2  
  115  6:41  Zerg Ground Armor Level 1  
  115  6:51  Zerg Missile Weapons Level 1  
  115  6:52  Glial Reconstitution  
  115  6:55  Roach x2  
  115  6:56  Infestation Pit  
  115  6:57  Overlord, Hatchery  
  115  6:58  Metabolic Boost  
  115  7:00  Drone  
  118  7:01  Drone  
  118  7:03  Drone x2  
  118  7:05  Drone  
  122  7:08  Roach x2  
  122  7:10  Drone  
  122  7:11  Drone  
  122  7:14  Baneling Nest  
  122  7:15  Zergling x6  
  130  7:17  Zergling x2  
  130  7:18  Ravager  
  132  7:23  Zergling x12  
  138  7:33  Ravager  
  129  7:37  Drone x7  
  129  7:41  Ravager  
  129  7:43  Hive, Infestor x2  
  139  7:52  Drone x2, Zergling x2  
  139  7:53  Zergling x6  
  145  8:00  Drone x4  
  145  8:04  Centrifugal Hooks  
  145  8:05  Extractor  
  148  8:07  Zergling x6  
  151  8:14  Zergling x12  
  151  8:15  Ravager  
  151  8:16  Ravager  
  159  8:21  Zergling x2  
  159  8:29  Overlord  
  159  8:31  Overlord  
  159  8:32  Zergling x2  
  159  8:33  Overlord  
  160  8:42  Spore Crawler  
  160  8:44  Overlord  
  160  8:45  Baneling x10  
  160  8:46  Overlord x2  
  159  8:48  Zerg Ground Armor Level 2  
  159  8:49  Zerg Melee Weapons Level 1  
  159  8:52  Hatchery  
  159  8:53  Zergling x26  
  171  9:04  Zergling x12  
  171  9:06  Baneling x2  
  171  9:07  Baneling x2  
  175  9:14  Zergling x12  
  175  9:19  Adrenal Glands, Spore Crawler  
  175  9:20  Ultralisk Cavern  
  172  9:30  Viper x2  
  172  9:33  Ultralisk Cavern  
  172  9:35  Zergling x18  
  178  9:43  Overlord  
  176  9:46  Zergling x10  
  176  9:52  Zergling x6  
  157  10:00  Zergling x6  
  157  10:04  Hatchery  
  159  10:09  Zergling x6  
  159  10:11  Baneling x5  
  159  10:12  Zergling x2  
  161  10:18  Baneling x4, Chitinous Plating  
  178  10:21  Ultralisk x3  
  178  10:25  Zergling x16  
  186  10:33  Ultralisk  
  192  10:36  Zergling x8  
  192  10:41  Zergling x2  
  192  10:42  Zergling x6  
  198  10:48  Spore Crawler, Extractor  
  194  10:53  Zergling x12  
  190  10:59  Baneling x10  
  190  11:02  Zergling x6  
  194  11:06  Zergling x2  
  190  11:13  Baneling x10  
  190  11:17  Zerg Melee Weapons Level 2  
  187  11:22  Zergling x16  
  187  11:23  Baneling  
  187  11:24  Baneling x3  
  179  11:39  Ultralisk  
  165  11:45  Zergling x16  
  164  11:50  Anabolic Synthesis  
  164  11:51  Zergling x2  
  164  11:52  Zergling x4  
  165  11:54  Hatchery  
  155  12:02  Zergling x12  
  149  12:09  Ultralisk  
  149  12:16  Zergling x2  
  149  12:17  Zergling x8  
  137  12:24  Zergling x4  
  139  12:31  Zerg Ground Armor Level 3  
  139  12:32  Drone  
  139  12:35  Zergling x6  
  143  12:41  Infestor  
  145  12:45  Zergling x6  
  145  12:49  Zergling x4  
  150  12:54  Zergling x4  
  150  12:56  Baneling x3  
  150  12:58  Zergling x2, Queen x3  
  153  13:04  Hatchery  
  157  13:07  Zergling x2  
  157  13:08  Zergling x6  
  157  13:12  Zergling x10  
  166  13:15  Drone x2  
  166  13:17  Spore Crawler, Baneling x3  
  166  13:18  Baneling x2, Infestor  
  169  13:21  Overseer  
  169  13:22  Drone x2  
  171  13:27  Baneling x2  
  171  13:28  Drone x3  
  171  13:33  Infestor  
  176  13:38  Ultralisk  
  181  13:42  Drone x4  
  181  13:48  Zergling x10  
  184  13:58  Zergling x10  
  188  14:08  Spire  
  188  14:09  Zerg Melee Weapons Level 3  
  186  14:10  Zergling x12  
  192  14:18  Ultralisk  
  192  14:21  Zergling x8  
  199  14:24  Hatchery  
  199  14:26  Hatchery  
  199  14:30  Zergling x6  
  199  14:59  Baneling x10  
  198  15:06  Drone  
  193  15:25  Zergling x46  
  156  15:37  Infestor  
  156  15:39  Drone x7  
  158  15:43  Ultralisk  
  158  15:46  Ultralisk  
  158  15:48  Infestor  
  172  15:50  Burrow  
  172  15:51  Zergling x6  
  172  15:53  Drone x3  
  172  15:56  Spore Crawler  
  177  15:58  Ultralisk x2  
  177  15:59  Zergling x8  
  193  16:04  Hatchery  
  193  16:09  Ultralisk  
  193  16:10  Zergling x4  
  200  16:17  Baneling x6  
  200  16:28  Spore Crawler  
  199  16:35  Zergling x2  
  199  16:38  Baneling x4  
  199  17:03  Hatchery  
  199  17:06  Zergling x2  
  196  17:19  Zergling x18  
Show
View Real Time Build Order
Export as new Build Order

Kelazhur Terran 

Build Orders: Command Center First 

Get SALT Encoding   

  12  0:00  SCV  
  13  0:12  SCV  
  14  0:17  Supply Depot  
  14  0:24  SCV  
  15  0:39  SCV  
  16  0:51  SCV  
  17  0:59  Command Center  
  17  1:03  SCV  
  18  1:13  Barracks  
  18  1:16  SCV  
  19  1:22  Refinery  
  19  1:28  SCV  
  20  1:35  Barracks  
  20  1:40  SCV  
  21  1:52  SCV  
  22  2:00  Marine  
  23  2:04  Orbital Command  
  23  2:10  Orbital Command  
  23  2:19  Refinery  
  23  2:22  Barracks Reactor  
  23  2:24  Barracks Tech Lab  
  23  2:30  SCV  
  23  2:36  SCV  
  25  2:42  Marine, SCV  
  27  2:48  Stimpack, SCV  
  28  2:55  SCV  
  28  2:56  Supply Depot  
  29  2:58  Marine x2  
  29  3:00  Marine  
  29  3:01  SCV  
  33  3:07  SCV  
  33  3:08  Factory  
  34  3:13  SCV  
  34  3:18  Command Center  
  35  3:22  Marine x2  
  35  3:25  SCV  
  35  3:26  SCV  
  39  3:32  Supply Depot  
  39  3:35  Marine  
  39  3:37  SCV  
  39  3:38  SCV  
  42  3:43  Marine x2  
  44  3:49  SCV  
  44  3:51  SCV  
  44  3:55  Starport  
  46  3:56  Factory Reactor  
  46  3:59  Marine  
  46  4:01  Marine x2, SCV  
  50  4:03  SCV  
  50  4:04  Supply Depot  
  50  4:09  Supply Depot  
  50  4:13  SCV  
  50  4:16  SCV  
  50  4:17  Marine  
  46  4:25  SCV  
  46  4:28  SCV  
  46  4:30  Marine x2  
  48  4:34  SCV  
  48  4:38  SCV  
  49  4:40  SCV  
  49  4:42  Medivac x2  
  49  4:45  Marine, Combat Shield  
  55  4:47  Orbital Command  
  55  4:50  SCV  
  55  4:52  SCV  
  57  4:54  Factory Tech Lab  
  57  4:55  Marine x2  
  57  4:57  Engineering Bay  
  59  5:02  SCV  
  59  5:04  Refinery, SCV  
  59  5:06  Refinery  
  61  5:10  Marine  
  61  5:13  Marine x2, SCV  
  65  5:14  SCV  
  65  5:16  SCV, Orbital Command  
  65  5:21  Supply Depot, Siege Tank  
  70  5:26  SCV  
  71  5:28  Marine, SCV  
  71  5:30  Marine  
  71  5:31  Marine  
  71  5:35  Terran Infantry Weapons Level 1  
  75  5:36  Barracks  
  75  5:38  SCV  
  75  5:41  SCV  
  74  5:46  Marine  
  74  5:48  SCV  
  73  5:50  Marine x2  
  73  5:51  Armory, Engineering Bay  
  75  5:58  Supply Depot  
  75  6:00  SCV  
  75  6:01  Medivac x2  
  80  6:07  SCV x2  
  80  6:09  Barracks  
  80  6:11  Barracks, Siege Tank  
  85  6:20  Supply Depot, SCV  
  85  6:22  Supply Depot  
  85  6:24  SCV  
  87  6:27  Marine x2  
  87  6:28  Barracks Reactor  
  87  6:31  Marauder, SCV  
  87  6:32  SCV  
  93  6:38  Terran Infantry Armor Level 1  
  93  6:39  Supply Depot  
  93  6:41  SCV  
  93  6:43  SCV  
  93  6:44  SCV  
  93  6:46  Marine x2  
  98  6:51  Siege Tank  
  98  6:53  SCV  
  102  6:54  Refinery  
  102  6:55  SCV  
  102  6:56  Supply Depot x2  
  102  6:57  Marauder  
  105  7:02  SCV  
  105  7:04  Barracks Reactor x2  
  105  7:05  Marine x3, SCV  
  105  7:06  Marine  
  111  7:13  SCV  
  112  7:15  Medivac x2  
  112  7:19  SCV  
  112  7:20  SCV  
  118  7:22  Supply Depot  
  118  7:26  Marine x2  
  118  7:27  Supply Depot x2  
  120  7:31  Siege Tank  
  114  7:40  Marine  
  114  7:41  Marauder, Marine x5  
  114  7:43  Marine  
  114  7:44  Marine, Terran Infantry Weapons Level 2  
  122  7:53  Liberator x2  
  122  7:58  Marine  
  128  8:01  Marine  
  128  8:03  Siege Tank  
  133  8:07  Marine  
  133  8:08  Marine x6, Command Center  
  140  8:16  Marine  
  140  8:18  Concussive Shells, Marine  
  142  8:25  Marine x4, Barracks x2  
  142  8:26  Marine x2  
  142  8:27  Marauder, Barracks  
  150  8:34  Marine  
  150  8:36  Marine  
  152  8:43  Marine x4  
  152  8:45  Marine  
  157  8:51  Terran Infantry Armor Level 2  
  157  8:52  Supply Depot  
  157  8:53  Marine x3  
  157  8:54  Supply Depot  
  160  8:56  Marine, Supply Depot  
  160  8:58  Siege Tank  
  164  9:11  Medivac  
  164  9:13  Marauder, Medivac  
  164  9:16  Marine  
  166  9:17  Marine  
  166  9:21  Marine x3  
  166  9:22  Barracks Tech Lab x2  
  166  9:23  Barracks Tech Lab  
  170  9:27  Marine  
  170  9:28  Marine  
  170  9:30  Factory  
  169  9:32  Marine  
  169  9:34  Siege Tank, Marauder, Marine  
  169  9:35  Marine  
  174  9:39  Marine x3  
  174  9:42  Marine x3  
  174  9:44  Marine  
  179  9:46  Marine  
  179  9:50  Marine  
  179  9:52  Marine  
  179  9:53  Marine  
  179  9:55  Marine  
  179  9:57  Marine x3  
  170  10:00  Planetary Fortress, Marine x3  
  170  10:02  Marine  
  170  10:03  SCV x3  
  170  10:04  Marine  
  178  10:07  Terran Infantry Weapons Level 3, Marine  
  178  10:10  Marine x2  
  178  10:11  Siege Tank  
  178  10:13  Marine  
  185  10:14  Marine  
  185  10:15  Marine x2, SCV x2  
  185  10:16  SCV  
  186  10:28  Sensor Tower  
  186  10:29  Command Center  
  186  10:30  Marine  
  186  10:31  Marine x2, Marauder, Terran Vehicle Weapons Level 1  
  186  10:34  Marine x2, Ghost Academy  
  193  10:37  Factory Tech Lab  
  193  10:39  Refinery  
  193  10:49  Marine x7  
  193  10:50  Marine  
  199  11:03  Marine  
  200  11:08  Terran Infantry Armor Level 3  
  194  11:14  Marauder x4  
  197  11:19  Refinery  
  164  11:33  Marine x8  
  164  11:35  Marauder x3  
  164  11:37  Liberator x2  
  164  11:38  Siege Tank  
  129  11:51  Marine x4, Marauder  
  132  11:55  Siege Tank, Marine x4  
  132  11:56  Marine x2, Marauder  
  118  12:09  Marine x4  
  118  12:12  Marine  
  118  12:13  Marine x4  
  118  12:14  Marauder  
  118  12:15  Marauder  
  128  12:17  Marine  
  128  12:20  Liberator x2  
  111  12:26  Marine  
  111  12:27  Marine x3  
  110  12:30  Marauder  
  110  12:31  Marine x3  
  110  12:36  Marauder x2  
  110  12:37  Marine  
  118  12:50  Command Center  
  118  12:58  Marine  
  119  13:07  Marine  
  119  13:10  Ghost x4  
  128  13:14  SCV x3  
  131  13:26  SCV  
  132  13:30  Marine  
  132  13:31  Marine x4  
  132  13:32  Marine, Medivac x2  
  142  13:34  Siege Tank  
  142  13:39  Marine, Marauder  
  142  13:40  SCV x3  
  151  13:44  Marine  
  152  13:50  Marauder  
  152  13:53  Marauder  
  152  13:54  Marine  
  157  14:00  Marine x3  
  157  14:01  Marine x2  
  157  14:02  Ghost x2, Siege Tank  
  162  14:09  Medivac x2  
  170  14:11  Ghost  
  172  14:27  Ghost  
  172  14:28  Marine x4  
  172  14:30  Siege Tank  
  172  14:31  Ghost  
  183  14:48  Planetary Fortress  
  183  14:59  Marine x5, Marauder x2  
  192  15:13  Command Center  
  192  15:16  Sensor Tower  
  174  15:22  Marine  
  174  15:23  Marine, Marauder x2  
  174  15:27  Ghost  
  132  15:29  Marauder  
  114  15:42  Marine x3  
  116  15:43  Ghost  
  116  15:48  Siege Tank  
  116  15:49  Siege Tank  
  125  15:56  Marine x3  
  128  15:57  Marine  
  128  16:03  Ghost  
  133  16:04  Marauder  
  133  16:14  Liberator x2  
  139  16:20  Siege Tank  
  142  16:31  Siege Tank  
  142  16:32  Marauder  
  147  16:34  Marine  
  147  16:35  Marine x5  
  147  16:39  Marine x2, Marauder  
  157  16:53  Siege Tank  
  162  16:57  Liberator  
  163  17:03  Sensor Tower  
  163  17:04  Missile Turret  
  125  17:23  Marauder  
Tags
 
Add a new tag
Caveats
  • Supply blocks, unpowered buildings, or Contaminate may cause inaccurate times.
  • Supply counts are checked every 10 seconds.